 Dungeon Crawl Stone Soup version 0.29-a0-923-g6e406bff71 (webtiles) character file.

Game seed: 18211304299744451582

14 testman the Shooter (level 2, 0/18 HPs)
             Began as a Kobold Hunter on July 27, 2022.
             Frozen to death by an endoplasm (2 damage)
             ... on level 2 of the Dungeon.
             The game lasted 00:01:21 (1199 turns).

testman the Shooter (Kobold Hunter)                 Turns: 1199, Time: 00:01:21

Health: 0/18       AC:  3    Str: 14    XL:     2   Next: 60%
Magic:  2/2        EV: 15    Int: 10    God:
Gold:   51         SH:  0    Dex: 18    Spells: 1/1 levels left

rFire   . . .      SeeInvis .   a - +0 shortbow
rCold   . . .      Faith    .   (shield currently unavailable)
rNeg    . . .      Spirit   .   c - +0 leather armour
rPois   .          Reflect  .   (no helmet)
rElec   .          Harm     .   (no cloak)
rCorr   .          Rampage  .   (no gloves)
Will    .....                   (no boots)
Stlth   +++.......              (no amulet)
HPRegen 0.06/turn               f - +6 ring of strength
MPRegen 0.08/turn               (no ring)

@: no status effects
A: small, no large weapons, nightstalker 3
a: no special abilities


You were on level 2 of the Dungeon.
You visited 1 branch of the dungeon, and saw 2 of its levels.

You collected 51 gold pieces.

Inventory:

Hand Weapons
 a - a +0 shortbow (weapon)
Armour
 c - a +0 leather armour (worn)
Jewellery
 f - a +6 ring of strength (left hand)
Scrolls
 b - a scroll of immolation
 e - a scroll of teleportation {unknown}
 g - a scroll of blinking {unknown}
 j - a scroll of enchant armour {unknown}
 k - a scroll of amnesia {unknown}
 l - a scroll of vulnerability {unknown}
Potions
 d - 2 potions of haste {unknown}
 h - 3 potions of degeneration {unknown}
 i - a potion of ambrosia {unknown}
 m - a potion of might {unknown}


   Skills:
 + Level 2.5 Fighting
 + Level 5.5 Ranged Weapons
 + Level 2.7 Dodging
 + Level 2.2 Stealth


You had one spell level left.
You didn't know any spells.
Your spell library was empty.

Dungeon Overview and Level Annotations

Branches:
Dungeon (2/15)

Altars:


Innate Abilities, Weirdness & Mutations

You are small and have problems with some larger weapons.
You are completely attuned to the shadows.


Message History

The arrow hits the endoplasm but does no damage.
The endoplasm is heavily wounded.
The endoplasm barely misses you.
You shoot an arrow. The arrow barely misses the endoplasm.
The endoplasm freezes you.
You are frozen.
An endoplasm comes into view.
The endoplasm hits you but does no damage.
You shoot an arrow. The arrow hits the endoplasm.
The endoplasm is almost dead.
The endoplasm freezes you.
You are frozen.
You are too injured to fight recklessly!
You are too injured to fight recklessly!
You are too injured to fight recklessly!
You are too injured to fight recklessly!
Fire: a) +0 shortbow
Press: ? - help, Q - select action Shift-Dir - straight line, f/p - endoplasm
Aim: an endoplasm (almost dead, 87% to hit)
You shoot an arrow. The arrow hits the endoplasm!
You kill the endoplasm!
Fire: a) +0 shortbow
Press: ? - help, Q - select action Shift-Dir - straight line, f - endoplasm
Aim: an endoplasm (87% to hit)
You shoot an arrow.
The arrow hits the endoplasm but does no damage.
The endoplasm freezes you.
You are frozen.
* * * LOW HITPOINT WARNING * * *
Fire: a) +0 shortbow
Press: ? - help, Q - select action Shift-Dir - straight line, f/p - endoplasm
Aim: an endoplasm (87% to hit)
You shoot an arrow. The arrow hits the endoplasm.
The endoplasm is severely wounded.
The endoplasm freezes you.
You are frozen.
* * * LOW HITPOINT WARNING * * *
The endoplasm freezes you.
You are frozen.
You die...

....... ...... ####.#
#.# .≈.)# #.# ...#
#.# #.[# #.# #.J###.
#.# #.@.... #.#
#...#### #.# #.......
#.#
...#.#############.#
#####...............#
#################


You could see an endoplasm.

Vanquished Creatures
  A dart slug (D:1)
  2 endoplasms
  A giant cockroach (D:2)
  A goblin (D:2)
  2 hobgoblins
  2 kobolds (D:2)
  A bat (D:2)
  A frilled lizard (D:1)
11 creatures vanquished.

Notes
Turn   | Place    | Note
-------+----------+-------------------------------------------
     0 | D:1      | testman the Kobold Hunter began the quest for the Orb.
     0 | D:1      | Reached XP level 1. HP: 12/12 MP: 1/1
   596 | D:1      | Reached XP level 2. HP: 18/18 MP: 2/2
  1017 | D:2      | Identified the +4 scale mail "Weog" {*Corrode +Inv SInv}
  1199 | D:2      | Frozen to death by an endoplasm

Illustrated notes

Levels and vault maps discovered:
D:1:      scummos_arrival_forest, layout_loops_ring
D:2:      layout_basic, shapermc_ecumenical_altar_starsandcircs

Skill      XL: |  1  2 |
---------------+-------+-----
Stealth        | 2 |  2.2
Fighting       | |  2.5
Ranged Weapons | |  5.5
Dodging        | |  2.7

Action                   || total
-------------------------++-------
 Fire: Shortbow          ||    28
Armor: Leather armour    ||     1
Dodge: Dodged            ||     5

Table legend: (Time is in decaauts)
 A = Elapsed time spent in this place.
 B = Non-inter-level travel time spent in this place.
 C = Inter-level travel time spent in this place.
 D = Time resting spent in this place.
 E = Time spent auto-exploring this place.
 F = Levels seen in this place.
 G = Mean time per level.
                   A        B        C        D        E       F      G
               +--------+--------+--------+--------+--------+-----+--------+
         Total |   1205 |   1170 |     35 |      0 |   1097 |   2 |  602.5 |
       Dungeon |   1205 |   1170 |     35 |      0 |   1097 |   2 |  602.5 |
               +--------+--------+--------+--------+--------+-----+--------+

Top non-repeatable levels by time:
     D:1: 888 daAuts
     D:2: 316 daAuts
